 Dungeon Sprint DCSS version 0.24.0-125-gc4c63601f3 (webtiles) character file.

Game seed: 4474134348606245352, levelgen mode: deterministic

1100000 Ponchio the Conqueror (level 15, 161/174 HPs)
             Began as a Green Draconian Berserker on Mar 4, 2020.
             Was a Priest of Trog.
             Got out of the dungeon alive.
             The game lasted 00:01:48 (11 turns).

Ponchio the Conqueror (Green Draconian Berserker)     Turns: 11, Time: 00:01:48

Health: 161/174    AC:  9    Str: 19    XL:     15   Next: 96%
Magic:  15/15      EV: 31    Int:  9    God:    Trog [***...]
Gold:   0          SH:  0    Dex: 16    Spells: 14/14 levels left

rFire    . . .     SeeInvis .   i - +∞ Axe of Woe
rCold    . . .     Gourm    .   (shield currently unavailable)
rNeg     . . .     Faith    .   (armour unavailable)
rPois    +         Spirit   .   (helmet restricted)
rElec    .         Reflect  .   (no cloak)
rCorr    .         Harm     .   (no gloves)
MR       +....     NoTele   +   (no boots)
Stlth    +.........             (no amulet)
HPRegen  0.39/turn              (no ring)
MPRegen  0.14/turn              (no ring)

@: no status effects
A: breathe noxious fumes, unfitting armour, stinger 1, poison resistance,
cold-blooded, AC +9
a: Breathe Noxious Fumes, Berserk, Trog's Hand, Renounce Religion


You escaped.
You worshipped Trog.
Trog was most pleased with you.
You were not hungry.

You visited 1 branch

Inventory:

Hand Weapons
 a - a +0 hand axe
 i - the +∞ Axe of Woe (weapon)
   (You found it in the Dungeon)
Scrolls
 h - a scroll of blinking
Potions
 c - a potion of curing
 d - a potion of heal wounds
 e - a potion of haste
 f - 2 potions of magic
 g - a potion of berserk rage
Comestibles
 b - a ration


   Skills:
 O Level 27 Fighting
 + Level 25.8 Axes
 + Level 24.0 Dodging


You had 14 spell levels left.
You didn't know any spells.
Your spell library was empty.

Dungeon Overview and Level Annotations

Branches:
Dungeon (1/1)

Altars:
Makhleb


Innate Abilities, Weirdness & Mutations

You can breathe blasts of noxious fumes.
Your lurid green scales are hard. (AC +9)
You cannot fit into any form of body armour.
Your tail ends in a poisonous barb.
Your system is resistant to poisons. (rPois)
You are cold-blooded and may be slowed by cold attacks.


Message History

Your Fighting skill gained 2 levels and is now at level 26!
Your Axes skill gained 2 levels and is now at level 24!
Your Dodging skill gained 2 levels and is now at level 23!
You have reached level 15!
Your experience leads to an increase in your attributes!
Increase (S)trength, (I)ntelligence, or (D)exterity?
You feel agile.
Your scales feel tougher.
You hit the bag of meat.
You slaughter the bag of meat joyfully.
You kill the bag of meat!
Trog accepts your kill.
Trog will now gift you ammunition as you gain piety.
You have mastered Fighting!
Your Axes skill increases to level 25!
Your Dodging skill increases to level 24!
You hear two shouts!
You hear a shout! x12
Are you sure you want to leave the Dungeon?
This will make you lose the game!
Alright, then stay!
Are you sure you want to leave the Dungeon?
This will make you lose the game!
You hear a shout! x7
The bag of meat hits you with a +9 war axe!
You have escaped!

.. .. #. .# #..
o.# .###..
..###.
......###......
....._.....
#..)..# #_.@._#
#.)o).#
....o_.....
......###......
.###.. ..###.
#.o o.# #. .#
O. ..


You could see a meat berserker (berserk) and 5 bags of meat.

Vanquished Creatures
  2 ogres (D)
  4 orcs (D)
6 creatures vanquished.

Notes
Turn   | Place    | Note
-------+----------+-------------------------------------------
     0 | D        | Found the +∞ Axe of Woe
     0 | D        | Ponchio the Draconian Berserker began the quest for the
                  | Orb.
     0 | D        | Reached XP level 1. HP: 19/19 MP: 1/1
     2 | D        | Noticed a bag of meat
     2 | D        | Noticed a bag of meat
     3 | D        | Noticed a bag of meat
     3 | D        | Noticed a bag of meat
     4 | D        | Noticed a bag of meat
     4 | D        | Noticed a bag of meat
     6 | D        | Noticed a meat berserker
     6 | D        | Noticed a meat berserker
     7 | D        | Killed a meat berserker
     7 | D        | Reached skill level 20 in Fighting
     7 | D        | Reached XP level 2. HP: 57/57 MP: 2/2
     7 | D        | Reached XP level 3. HP: 64/64 MP: 3/3
     7 | D        | Reached XP level 4. HP: 72/72 MP: 4/4
     7 | D        | Reached XP level 5. HP: 80/80 MP: 5/5
     7 | D        | Reached XP level 6. HP: 88/88 MP: 6/6
     7 | D        | Your scales start taking on a lurid green colour.
     7 | D        | Reached XP level 7. HP: 95/95 MP: 7/7
     7 | D        | Gained mutation: Your system is resistant to poisons.
                  | (rPois) [Green Draconian growth]
     7 | D        | Reached XP level 8. HP: 103/103 MP: 8/8
     7 | D        | Reached XP level 9. HP: 111/111 MP: 9/9
     7 | D        | Reached XP level 10. HP: 118/118 MP: 10/10
     7 | D        | Reached XP level 11. HP: 126/126 MP: 11/11
     7 | D        | Reached XP level 12. HP: 134/134 MP: 12/12
     7 | D        | Reached XP level 13. HP: 140/140 MP: 13/13
     7 | D        | Noticed a bag of meat
     7 | D        | Noticed a bag of meat
     8 | D        | Killed a bag of meat
     8 | D        | Reached ** piety under Trog
     8 | D        | Reached skill level 22 in Fighting
     8 | D        | Killed a bag of meat
     8 | D        | Reached skill level 23 in Fighting
     8 | D        | Gained mutation: Your tail ends in a poisonous barb. [Green
                  | Draconian growth]
     8 | D        | Reached XP level 14. HP: 157/157 MP: 14/14
     8 | D        | Noticed a bag of meat
     9 | D        | Killed a bag of meat
     9 | D        | Reached skill level 24 in Fighting
     9 | D        | Killed a meat berserker
     9 | D        | Reached skill level 26 in Fighting
     9 | D        | Reached XP level 15. HP: 173/173 MP: 15/15
     9 | D        | Reached *** piety under Trog
     9 | D        | Reached skill level 27 in Fighting
    10 | D        | Noticed a meat berserker
    11 | D        | Got out of the dungeon alive.

Levels and vault maps discovered:
D:        meatsprint

Skill      XL: |  1  2  3  4  5  6  7  8  9 10 11 12 13 14 15 |
---------------+----------------------------------------------+-----
Fighting       | 20 23 26 27 | 27.0
Axes           | 19 21 24 25 | 25.8
Dodging        | 17 20 23 24 | 24.0

Action                   |  1- 3 |  4- 6 |  7- 9 | 10-12 | 13-15 || total
-------------------------+-------+-------+-------+-------+-------++-------
Melee: Executioner's axe |     1 |       |       |       |     2 ||     3
